 Dungeon Crawl Stone Soup version 0.30-a0-702-gdf48620a09 (webtiles) character file.

Game seed: 9565555787528413931

126 Anon1729 the Slasher (level 4, 0/41 HPs)
             Began as a Minotaur Monk on Jan 21, 2023.
             Was a Follower of Ashenzari.
             Slain by an orc wizard
             ... wielding a +0 dagger
              (2 damage)
             ... on level 3 of the Dungeon.
             The game lasted 00:02:15 (1932 turns).

Anon1729 the Slasher (Minotaur Monk)                Turns: 1932, Time: 00:02:16

Health: 0/41       AC:  2    Str: 16    XL:     4   Next: 84%
Magic:  3/3        EV: 14    Int:  7    God:    Ashenzari [*.....]
Gold:   153        SH:  0    Dex: 14    Spells: 3/3 levels left

rFire   . . .      SeeInvis .    a - +0 falchion of Ashenzari's Seeker {Elem, Bglg} (curse)
rCold   . . .      Faith    .    (no shield)
rNeg    . . .      Spirit   .    b - +0 robe of Cremastomancy {Cun, Evo} (curse)
rPois   .          Reflect  .    (helmet restricted)
rElec   .          Harm     .    (no cloak)
rCorr   .          Rampage  .    (no gloves)
Will    .....                    (no boots)
Stlth   ++                       (no amulet)
HPRegen 0.26/turn                (no ring)
MPRegen 0.08/turn                (no ring)

@: no status effects
A: horns 2, retaliatory headbutt
a: Renounce Religion, Curse Item, Shatter the Chains


You were on level 3 of the Dungeon.
You worshipped Ashenzari.
Ashenzari was aware of your devotion.
You visited 1 branch of the dungeon, and saw 3 of its levels.

You collected 153 gold pieces.

Inventory:

Hand Weapons
 a - the cursed +0 falchion of Ashenzari's Seeker (weapon) {Elem, Bglg}

   It has a curse which improves the following skills: Elements: Fire Magic, Ice
   Magic, Air Magic and Earth Magic.
   Beguiling: Conjurations, Hexes and Translocations.
Armour
 b - the cursed +0 robe of Cremastomancy (worn) {Cun, Evo}

   It has a curse which improves the following skills: Cunning: Dodging and
   Stealth.
   Evocations: Evocations.
Scrolls
 f - 2 scrolls of brand weapon
 g - a scroll of magic mapping
 i - a scroll of enchant weapon
 j - 2 scrolls of fear
 k - a scroll of teleportation
 m - a scroll of enchant armour
Potions
 c - a potion of ambrosia
 d - a potion of berserk rage
 e - a potion of curing
 h - a potion of mutation
 l - a potion of haste
 n - a potion of heal wounds
 o - a potion of cancellation
 p - a potion of might


   Skills:
 + Level 4.8 Fighting
 + Level 4.8 Long Blades
 + Level 4.3(5.2) Dodging
 - Level 1.9(2.5) Stealth


You had 3 spell levels left.
You didn't know any spells.
Your spell library contained the following spells:

 Spells                   Type           Power      Damage    Failure   Level
 Freeze                   Ice            0%         1d3       41%         1
 Kiss of Death            Conj/Necr      0%         2d5       43%         1
 Sting                    Tmut/Pois      0%         1d3       43%         1
 Poisonous Vapours        Pois/Air       0%         N/A       56%         2
 Static Discharge         Conj/Air       0%         2-2/arc   56%         2
 Confusing Touch          Hex            0%         N/A       80%         3
 Frozen Ramparts          Ice            0%         1d1       80%         3
 Hailstorm                Conj/Ice       0%         3d3       80%         3
 Vhi's Electric Charge    Tloc/Air       0%         N/A       80%         3
 Dispel Undead            Necr           0%         3d6       99%         4
 Olgreb's Toxic Radiance  Pois           0%         N/A       99%         4
 Arcjolt                  Conj/Air       0%         1d10      100%        5
 Lightning Bolt           Conj/Air       0%         1d11      100%        5


Dungeon Overview and Level Annotations

Branches:
Dungeon (3/15)

Altars:
Ashenzari
Cheibriados
Fedhas
Gozag
The Shining One


Innate Abilities, Weirdness & Mutations

You have a pair of horns on your head.
You reflexively headbutt those who attack you in melee.


Message History

You slash something!
You hear some strange, mumbled words.
Something tries to affect you, but you resist.
You closely miss something. Your headbutt misses something.
You hear some strange, mumbled words.
You are confused.
You bump into the rock wall.
Something hits you.
You bump into the rock wall.
Something hits you.
You hit something. Your headbutt misses something. Something hits you.
* * * LOW HITPOINT WARNING * * *
You're too confused to move!
Something hits you.
* * * LOW HITPOINT WARNING * * *
You closely miss something.
You feel less confused. Something hits you.
* * * LOW HITPOINT WARNING * * *
You feel better.
You hear some strange, mumbled words.
A magic dart appears from out of thin air!
The magic dart hits you.
You miss something.
You hear some strange, mumbled words.
Something tries to affect you, but you resist.
You closely miss something. Something hits you.
* * * LOW HITPOINT WARNING * * *
The orc misses you.
Things that are here:
a +0 short sword; an orc corpse You slash the orc!
You kill the orc!
Something hits you.
* * * LOW HITPOINT WARNING * * *
You barely miss something. Your headbutt misses something.
You hear some strange, mumbled words.
A puff of flame appears from out of thin air!
The puff of flame hits you!
* * * LOW HITPOINT WARNING * * *
You closely miss something. You headbutt something. Something hits you.
You die...

#... .... ...
..# ..## ..# #)#
#@########
#{.##....#
##..#....#
##.#....# ###..
#.#....# #...#
#.#.>..# #...#
#......### #...#
###....'.###...#
#....#..##...#


There were no monsters in sight!

Vanquished Creatures
  4 adders
  A worm (D:3)
  4 dart slugs
  6 orcs (D:3)
  3 endoplasms
  2 giant cockroaches
  6 goblins (D:2)
  9 hobgoblins
  5 jackals (D:1)
  5 quokkas
  5 ball pythons
  6 bats
  2 frilled lizards
  5 kobolds
  6 rats
69 creatures vanquished.

Notes
Turn   | Place    | Note
-------+----------+-------------------------------------------
     0 | D:1      | Anon1729 the Minotaur Monk began the quest for the Orb.
     0 | D:1      | Reached XP level 1. HP: 19/19 MP: 0/0
    68 | D:1      | Reached XP level 2. HP: 22/27 MP: 1/1
   381 | D:1      | Reached XP level 3. HP: 31/33 MP: 2/2
   481 | D:1      | Found a faded altar of an unknown god.
   739 | D:1      | Prayed at the altar of an unknown god.
   739 | D:1      | Became a worshipper of Ashenzari the Shackled
   748 | D:1      | Reached * piety under Ashenzari
  1181 | D:2      | Reached XP level 4. HP: 41/41 MP: 3/3
  1564 | D:3      | Found a blossoming altar of Fedhas.
  1568 | D:3      | Found a snail-covered altar of Cheibriados.
  1788 | D:3      | Found a glowing golden altar of the Shining One.
  1788 | D:3      | Found an opulent altar of Gozag.
  1931 | D:3      | HP: 2/41 [something/puff of flame (7)]
  1932 | D:3      | Slain by an orc wizard

Illustrated notes

Levels and vault maps discovered:
D:1:      lemuel_arrival_tunnels, layout_basic,
          shapermc_ecumenical_altar_acropolis
D:2:      layout_basic
D:3:      layout_basic, nicolae_ru_path_of_blood,
          nicolae_overflow_hidden_temple, grunt_decor_mini_mirrors,
          roderic_roman_lattice

Skill      XL: |  1  2  3 |
---------------+----------+-----
Fighting       | 4 |  4.8
Long Blades    | 4 |  4.8
Dodging        | 4 |  4.3
Stealth        | |  1.9

Action                   |  1- 3 |  4- 6 || total
-------------------------+-------+-------++-------
Melee: Falchion          |    85 |    62 ||   147
       Headbutt          |    17 |    13 ||    30
       Punch             |     3 |       ||     3
Invok: Curse Item        |     2 |       ||     2
  Use: Potion            |       |     1 ||     1
 Stab: Sleeping          |     5 |     3 ||     8
       Distracted        |       |     1 ||     1
Armor: Robe              |    13 |     5 ||    18
Dodge: Dodged            |    59 |    40 ||    99

Table legend: (Time is in decaauts)
 A = Elapsed time spent in this place.
 B = Non-inter-level travel time spent in this place.
 C = Inter-level travel time spent in this place.
 D = Time resting spent in this place.
 E = Time spent auto-exploring this place.
 F = Levels seen in this place.
 G = Mean time per level.
                   A        B        C        D        E       F      G
               +--------+--------+--------+--------+--------+-----+--------+
         Total |   1947 |   1890 |     57 |     48 |   1422 |   3 |  649.0 |
       Dungeon |   1947 |   1890 |     57 |     48 |   1422 |   3 |  649.0 |
               +--------+--------+--------+--------+--------+-----+--------+

Top non-repeatable levels by time:
     D:1: 785 daAuts
     D:2: 682 daAuts
     D:3: 479 daAuts
